 Dungeon Crawl Stone Soup version 0.23.0 (webtiles) character file.

Game seed: 9049398393218149844

653 vishdafish the Slasher (level 7, 0/54 HPs)
             Began as a Demonspawn Fighter on Feb 18, 2019.
             Killed from afar by a bog mummy (7 damage)
             ... with a puff of frost
             ... in an ossuary.
             The game lasted 00:06:48 (3030 turns).

vishdafish the Slasher (Demonspawn Fighter)         Turns: 3030, Time: 00:06:48

Health: 0/54       AC:  9    Str: 17      XL:     7   Next: 29%
Magic:  7/7        EV: 10    Int: 10 (11) God:
Gold:   116        SH:  9    Dex: 11 (12) Spells: 6/6 levels left

rFire    . . .     SeeInvis .   a - +0 long sword
rCold    . . .     Gourm    .   c - +0 shield
rNeg     . . .     Faith    .   b - +0 scale mail
rPois    .         Spirit   .   g - +0 helmet
rElec    .         Reflect  .   (no cloak)
rCorr    .         Harm     .   p - +0 pair of gloves
MR       .....                  (no boots)
Stlth    ..........             (no amulet)
HPRegen  0.18/turn              (no ring)
MPRegen  0.10/turn              (no ring)

@: no status effects
A: repulsion field 2, spiny 1
a: no special abilities


You were in an ossuary.
You were very hungry.

You visited 1 branch of the dungeon, and saw 4 of its levels.
You also visited: Ossuary.

You collected 116 gold pieces.

Inventory:

Hand Weapons
 a - a +0 long sword (weapon)
Armour
 b - a +0 scale mail (worn)
 c - a +0 shield (worn)
 g - a +0 helmet (worn)
 p - a +0 pair of gloves (worn)
Scrolls
 i - a scroll of random uselessness
 l - a scroll of fog
 o - a scroll of remove curse
Potions
 n - a potion of degeneration
Comestibles
 f - 4 rations


   Skills:
 + Level 4.3 Fighting
 + Level 4.7 Long Blades
 + Level 4.1 Armour
 - Level 0.1 Dodging
 + Level 1.1 Stealth
 + Level 4.4 Shields


You had 6 spell levels left.
You didn't know any spells.
Your spell library was empty.

Dungeon Overview and Level Annotations

Branches:
Dungeon (4/15)
 Temple: D:4-7

Altars:
Dithmenos
Okawaru
Ru


Innate Abilities, Weirdness & Mutations

You are surrounded by a moderate repulsion field. (EV +3)
You are partially covered in sharp spines.


Message History

The bog mummy hits you!
* * * LOW HITPOINT WARNING * * *
You slash the bog mummy!
The bog mummy is heavily damaged.
The bog mummy splashes around in the water.
Your shield and scale mail prevent you from hitting the bog mummy.
The bog mummy is heavily damaged.
You block the bog mummy's attack.
You hit the bog mummy.
The bog mummy is severely damaged.
A centaur zombie comes into view.
You hit the bog mummy but do no damage.
The bog mummy is severely damaged.
You block the bog mummy's attack.
You hit the bog mummy.
The bog mummy is almost destroyed.
An adder zombie comes into view.
The bog mummy points at you and mumbles some strange words.
The puff of frost hits you!
You die...

≈≈≈ #≈ #≈≈ # ≈
≈ # ≈≈≈#≈ ≈ ≈≈#
#≈#≈#≈#≈#
#.≈.#.#.#.#P#
#≈≈.≈.≈.#.≈≈#≈#
≈≈.≈≈.≈ZZ.≈..P#
##≈##'##M##≈≈##
# #..@# #.∩.#
#∩..# #####


You could see a bog mummy, an adder zombie (wandering) and a centaur zombie.

Vanquished Creatures
  Sigmund (D:3)
  Purgy (D:3)
  An orc priest (D:3)
  Jessica (D:3)
  Terence (D:2)
  A worker ant (D:4)
  A hound zombie (Ossuary)
  6 mummies
  Robin (D:2)
  6 adders
  A worm (D:2)
  3 dart slugs
  3 leopard geckos
  10 orcs (D:3)
  3 ball pythons
  2 giant cockroaches
  15 goblins
  6 hobgoblins
  7 jackals (D:2)
  2 quokkas (D:2)
  12 bats
  9 frilled lizards
  A giant cockroach zombie (Ossuary)
  A hobgoblin zombie (D:4)
  4 kobolds
  8 rats
107 creatures vanquished.

Vanquished Creatures (others)
  A withered plant (Ossuary)
1 creature vanquished.

Grand Total: 108 creatures vanquished

Notes
Turn   | Place    | Note
-------+----------+-------------------------------------------
     0 | D:1      | vishdafish the Demonspawn Fighter began the quest for the
                  | Orb.
     0 | D:1      | Reached XP level 1. HP: 18/18 MP: 1/1
    82 | D:1      | Gained mutation: You are partially covered in sharp spines.
                  | [demonic ancestry]
    82 | D:1      | Reached XP level 2. HP: 11/24 MP: 2/2
   694 | D:1      | Gained mutation: You are surrounded by a mild repulsion
                  | field. (EV +2) [demonic ancestry]
   694 | D:1      | Reached XP level 3. HP: 29/29 MP: 3/3
   786 | D:2      | Found an iron altar of Okawaru.
   810 | D:2      | Found a shadowy altar of Dithmenos.
   820 | D:2      | Noticed Robin
   833 | D:2      | Killed Robin
   896 | D:2      | Reached XP level 4. HP: 33/35 MP: 4/4
  1114 | D:2      | Found a sacrificial altar of Ru.
  1203 | D:2      | Noticed Terence
  1214 | D:2      | Killed Terence
  1347 | D:2      | Gained mutation: You are surrounded by a moderate repulsion
                  | field. (EV +3) [demonic ancestry]
  1347 | D:2      | Reached XP level 5. HP: 33/42 MP: 5/5
  1555 | D:3      | Noticed Sigmund
  1576 | D:3      | HP: 1/42 [Sigmund/puff of flame (5)]
  1966 | D:3      | Noticed Purgy
  1977 | D:3      | Killed Purgy
  1998 | D:3      | Noticed Jessica
  1999 | D:3      | Killed Jessica
  1999 | D:3      | Reached XP level 6. HP: 48/48 MP: 6/6
  2094 | D:3      | Killed Sigmund
  2094 | D:3      | Reached skill level 1 in Stealth
  2098 | D:3      | HP: 2/48 [poisoned by an adder]
  2444 | D:3      | Noticed an orc warrior
  2897 | D:4      | Found a sand-covered staircase.
  2904 | D:4      | Reached XP level 7. HP: 52/54 MP: 7/7
  2908 | Ossuary  | Entered an ossuary
  2939 | Ossuary  | HP: 1/54 [mummy (15)]
  3030 | Ossuary  | Killed from afar by a bog mummy

Skill      XL: |  1  2  3  4  5  6  7 |
---------------+----------------------+-----
Shields        | 3 4 |  4.4
Long Blades    | 2 3 4 |  4.7
Armour         | 3 4 |  4.1
Fighting       | 4 |  4.3
Stealth        | 1 |  1.1
Dodging        | |  0.1

Action                   |  1- 3 |  4- 6 |  7- 9 || total
-------------------------+-------+-------+-------++-------
Melee: Long sword        |    80 |   161 |    42 ||   283
  Use: Potion            |       |     6 |     1 ||     7
       Scroll            |       |     5 |       ||     5
 Stab: Invisible         |       |     2 |       ||     2
  Eat: Chunk             |       |     6 |       ||     6
Armor: Scale mail        |    38 |    52 |     4 ||    94
Dodge: Dodged            |    23 |    64 |     3 ||    90
Block: Shield            |    27 |    75 |     9 ||   111
       Rpst.: Long sword |     9 |    18 |       ||    27
